 Dungeon Crawl Stone Soup version 0.21.1-1-g345015fe64 (webtiles) character file.

387 SciVoid the Chopper (level 6, -2/48 HPs)
             Began as a Demonspawn Abyssal Knight on June 19, 2018.
             Was a Believer of Lugonu.
             Succumbed to Edmund's poison
             ... on level 5 of the Dungeon.
             The game lasted 00:34:16 (2290 turns).

SciVoid the Chopper (Demonspawn Abyssal Knight)     Turns: 2290, Time: 00:34:17

Health: -2/48      AC:  8    Str: 13    XL:     6   Next: 49%
Magic:  7/8        EV:  9    Int: 14    God:    Lugonu [**....]
Gold:   110        SH:  0    Dex: 13    Spells: 5/5 levels left

rFire    . . .     SeeInvis .   a - +1 hand axe
rCold    + . .     Gourm    .   (no shield)
rNeg     . . .     Faith    .   t - +0 scale mail
rPois    .         Spirit   +   (no helmet)
rElec    .         Reflect  .   (no cloak)
rCorr    .         Harm     .   m - +0 pair of gloves
MR       .....                  (no boots)
Stlth    ..........             (no amulet)
HPRegen  0.16/turn              b - ring of protection from cold
MPRegen  0.11/turn              i - +4 ring of slaying

@: lethally poisoned (-2 -> -36)
A: magic shield, rot immunity
a: Depart the Abyss, Bend Space, Renounce Religion


You were on level 5 of the Dungeon.
You worshipped Lugonu.
Lugonu was pleased with you.
You were not hungry.

You visited 1 branch of the dungeon, and saw 5 of its levels.
You visited the Abyss 1 time.

You collected 110 gold pieces.

Inventory:

Hand Weapons
 a - a +1 hand axe (weapon)
 p - a +0 shortbow
Missiles
 e - 25 stones
 g - 4 tomahawks
 k - 20 poisoned needles
 n - 24 sling bullets
 q - 16 arrows (quivered)
Armour
 f - a +0 pair of boots
 m - a +0 pair of gloves (worn)
 o - a +1 ring mail of magic resistance
 t - a +0 scale mail (worn)
Jewellery
 b - a ring of protection from cold (left hand)
 i - a +4 ring of slaying (right hand)
Scrolls
 d - a scroll of identify
 h - 2 scrolls of teleportation
 j - a scroll of amnesia
Potions
 l - a potion of brilliance
Comestibles
 c - 7 rations


   Skills:
 + Level 3.7 Fighting
 + Level 4.6 Axes
 + Level 3.6 Armour
 + Level 1.4 Dodging
 + Level 3.2 Invocations


You had 5 spell levels left.
You didn't know any spells.

Dungeon Overview and Level Annotations

Branches:
Dungeon (5/15)             Temple (0/1) D:5

Altars:

Annotations:
D:4 1 runed door
D:5 Edmund


Innate Abilities, Weirdness & Mutations

When hurt, damage is shared between your health and your magic reserves.
You are immune to rotting.


Message History

Edmund hits you but does no damage.
You are more poisoned.
Unknown command.
You hit Edmund.
Edmund is almost dead.
* * * LOW HITPOINT WARNING * * *
You feel sick. Edmund hits you but does no damage.
You are more poisoned.
You barely miss Edmund.
Edmund is almost dead.
* * * LOW HITPOINT WARNING * * *
You feel very sick. Edmund hits you but does no damage.
You closely miss Edmund.
Edmund is almost dead.
* * * LOW HITPOINT WARNING * * *
You feel very sick.
You hit Edmund but do no damage.
Edmund is almost dead.
You die...

########.######.#
............##.##
.≈≈.≈≈......##..#
≈≈≈.≈≈≈≈....###.#
≈≈≈.≈≈≈≈≈≈..###.##
≈≈≈.≈≈≈≈≈≈≈..##..# #
≈≈...≈≈≈≈≈≈..###.###.###
≈≈.>.≈≈≈≈≈≈.+...........
≈...≈≈≈≈≈≈@.###..##.###
≈≈≈≈≈≈≈≈.@.# ##.##.#
≈≈≈≈≈..(..# #..#.#
≈≈......## ##.#.#
........# #.#.#
........# #.#.#
######### #...#.##
##..#.. ##'## #..#.# #


You could see Edmund.

Vanquished Creatures
  A centaur (D:5)
  An ogre (D:5)
  A hound (D:5)
  A quasit (D:5)
  Natasha (thrice) (D:4)
  3 gnolls (D:5)
  An adder (D:4)
  An ooze (D:5)
  2 adder skeletons (D:4)
  A worm (D:3)
  A dart slug (D:3)
  An orc (D:4)
  2 bats
  2 giant cockroaches
  A goblin (D:3)
  4 hobgoblins
  4 jackals (D:4)
  6 kobolds
  A quokka (D:5)
  A frilled lizard (D:2)
  A jackal skeleton (D:5)
  2 rats (D:1)
41 creatures vanquished.

Notes
Turn   | Place    | Note
-------+----------+-------------------------------------------
     0 | Abyss:1  | SciVoid the Demonspawn Abyssal Knight began the quest for the Orb.
     0 | Abyss:1  | Reached XP level 1. HP: 18/18 MP: 2/2
    15 | D:1      | Escaped the Abyss
   319 | D:1      | Reached skill level 2 in Axes
   489 | D:2      | Gained mutation: When hurt, damage is shared between your health and your magic reserves. [demonic ancestry]
   489 | D:2      | Reached XP level 2. HP: 23/24 MP: 4/4
   811 | D:3      | Found a faded altar of an unknown god.
   953 | D:3      | Reached ** piety under Lugonu
  1088 | D:4      | Gained mutation: You are immune to rotting. [demonic ancestry]
  1088 | D:4      | Reached XP level 3. HP: 25/29 MP: 2/5
  1207 | D:4      | Reached skill level 1 in Dodging
  1283 | D:4      | Noticed Natasha
  1296 | D:4      | Killed Natasha
  1296 | D:4      | Reached XP level 4. HP: 23/35 MP: 2/6
  1358 | D:4      | Found a runed door.
  1397 | D:4      | Noticed Natasha
  1414 | D:4      | Killed Natasha
  1414 | D:4      | Reached skill level 3 in Axes
  1733 | D:4      | Noticed Natasha
  1745 | D:4      | Killed Natasha
  1776 | D:5      | Entered Level 5 of the Dungeon
  1803 | D:5      | Noticed a centaur
  1819 | D:5      | Killed a centaur
  1819 | D:5      | Reached XP level 5. HP: 12/41 MP: 2/7
  2054 | D:5      | Noticed an ogre
  2066 | D:5      | Killed an ogre
  2066 | D:5      | Reached skill level 4 in Axes
  2066 | D:5      | Reached XP level 6. HP: 30/48 MP: 4/8
  2257 | D:5      | Found a staircase to the Ecumenical Temple.
  2263 | D:5      | Noticed Edmund
  2289 | D:5      | HP: 1/48 [poisoned by Edmund]
  2290 | D:5      | Succumbed to Edmund's poison

Skill      XL: |  1  2  3  4  5 |
---------------+----------------+-----
Armour         | 2 3 |  3.6
Axes           | 2 3 4 |  4.6
Invocations    | 3 |  3.2
Dodging        | 1 |  1.4
Fighting       | |  3.7

Action                   |  1- 3 |  4- 6 || total
-------------------------+-------+-------++-------
Melee: Hand axe          |    97 |   114 ||   211
  Use: Scroll            |     3 |     1 ||     4
       Potion            |       |     2 ||     2
 Stab: Sleeping          |     1 |       ||     1
  Eat: Ration            |     1 |     1 ||     2
Armor: Leather armour    |     5 |       ||     5
       Chain mail        |    64 |    22 ||    86
       Ring mail         |       |    26 ||    26
       Scale mail        |       |     7 ||     7
Dodge: Dodged            |    37 |    62 ||    99
